 Dungeon Crawl Stone Soup version 0.30-a0-778-g2ef04afb54 (webtiles) character file.

Game seed: 1856634859690183078

25 Anon1729 the Firebug (level 2, -3/20 HPs)
             Began as a Demigod Fire Elementalist on Feb 16, 2023.
             Killed from afar by Sigmund (11 damage)
             ... with a magic dart
             ... on level 2 of the Dungeon.
             The game lasted 00:00:48 (771 turns).

Anon1729 the Firebug (Demigod Fire Elementalist)     Turns: 771, Time: 00:00:49

Health: -3/20      AC:  2    Str:  9    XL:     2   Next: 66%
Magic:  6/7        EV: 12    Int: 17    God:
Gold:   69         SH:  5    Dex: 14    Spells: 4/5 levels left

rFire   . . .      SeeInvis .    g - +2 dagger (venom)
rCold   . . .      Faith    .    (no shield)
rNeg    . . .      Spirit   .    a - +0 robe
rPois   .          Reflect  +    (no helmet)
rElec   .          Harm     .    (no cloak)
rCorr   .          Rampage  .    (no gloves)
Will    +....                    (no boots)
Stlth   ++                       j - amulet of reflection
HPRegen 0.23/turn                h - ring of willpower
MPRegen 0.10/turn                (no ring)

@: no status effects
A: high MP 1, forlorn, divine attributes
a: no special abilities


You were on level 2 of the Dungeon.
You visited 1 branch of the dungeon, and saw 2 of its levels.

You collected 69 gold pieces.

Inventory:

Hand Weapons
 g - a +2 dagger of venom (weapon)
Armour
 a - a +0 robe (worn)
Jewellery
 h - a ring of willpower (left hand)
 j - an amulet of reflection (around neck)
 m - an amulet of regeneration
Scrolls
 c - a scroll of torment {unknown}
 d - a scroll of immolation {unknown}
 e - a scroll of enchant armour {unknown}
 f - a scroll of vulnerability {unknown}
 i - a scroll of fear {unknown}
 k - a scroll of noise {unknown}
 n - a scroll of teleportation {unknown}
 o - a scroll of blinking {unknown}
Potions
 b - a potion of magic
 l - a potion of attraction {unknown}


   Skills:
 + Level 2.1 Dodging
 + Level 2.1 Stealth
 + Level 2.0 Spellcasting
 + Level 1.3 Conjurations
 + Level 2.9 Fire Magic


You had 4 spell levels left.
You knew the following spells:

 Your Spells              Type           Power      Damage    Failure   Level
a - Foxfire               Conj/Fire      36%        2x1d5     9%          1

Your spell library contained the following spells:

 Spells                   Type           Power      Damage    Failure   Level
 Scorch                   Fire           22%        2d6       9%          2
 Inner Flame              Hex/Fire       6%         N/A       32%         3
 Kindle Blastsparks       Fire/Tloc/Air  10%        2d10      36%         3
 Flame Wave               Conj/Fire      9%         2d6       63%         4


Dungeon Overview and Level Annotations

Branches:
Dungeon (2/15)

Annotations:
D:2 Sigmund


Innate Abilities, Weirdness & Mutations

You have an increased reservoir of magic. (+10% MP)
You shall have no god before yourself.
Your divine heritage dramatically boosts your attributes as you level up.


Message History

The stone hits you but does no damage.
You hit the ball python.
You kill the ball python!
You hit the kobold.
You kill the kobold!
Sigmund the Dreaded comes into view.
He is wielding a +3 scythe of freezing.
Things that are here:
a +0 whip; a stone
Found a sedimented puce potion.
You block Sigmund's attack.
Found a book of the Hunter.
You hit Sigmund.
Sigmund is lightly wounded.
Sigmund gestures wildly while chanting.
Sigmund flickers and vanishes!
Deactivating autopickup; reactivate with Ctrl-A.
No target in view!
No target in view!
No target in view!
No target in view!
No target in view!
No target in view!
No target in view!
No target in view!
No target in view!
No target in view!
No target in view!
No target in view!
No target in view!
Casting: Foxfire (safe; 9% risk of failure)
Confirm with . or Enter, or press ? or * to list all spells.
You conjure some foxfire!
Something hits you. Something freezes you.
Your foxfire dissipates!
The foxfire hits something but does no damage.
Something hits you. Something freezes you.
Things that are here:
a +0 whip; a stone A magic dart appears from out of thin air!
The magic dart hits you!
Ouch! That really hurt!
You die...

# .# ####### ..#
..:....######...##
#@##........
#†)..{.....:
#.##......!.
..######...## ###
..# .# #


There were no monsters in sight!

Vanquished Creatures
  A dart slug (D:1)
  2 ball pythons
  An endoplasm (D:1)
  3 giant cockroaches (D:1)
  A goblin (D:1)
  A hobgoblin (D:1)
  4 bats (D:1)
  2 frilled lizards (D:1)
  4 kobolds
  2 rats (D:1)
21 creatures vanquished.

Vanquished Creatures (others)
  18 foxfires
18 creatures vanquished.

Grand Total: 39 creatures vanquished

Notes
Turn   | Place    | Note
-------+----------+-------------------------------------------
     0 | D:1      | Anon1729 the Demigod Fire Elementalist began the quest for
                  | the Orb.
     0 | D:1      | Reached XP level 1. HP: 14/14 MP: 5/5
    80 | D:1      | Reached skill level 1 in Conjurations
   264 | D:1      | Reached XP level 2. HP: 18/20 MP: 7/7
   763 | D:2      | Noticed Sigmund
   771 | D:2      | Killed from afar by Sigmund

Illustrated notes

Levels and vault maps discovered:
D:1:      spicycebolla_green_bress_n_ham_2, layout_basic
D:2:      cheibrodos_old_hovel, layout_loops_ring, basic_altar, uniq_sigmund

Skill      XL: |  1  2 |
---------------+-------+-----
Conjurations   | 1 |  1.3
Stealth        | 2 |  2.1
Dodging        | 2 |  2.1
Spellcasting   | 2 |  2.0
Fire Magic     | |  2.9

Action                     || total
---------------------------++-------
  Melee: Dagger            ||    27
   Cast: Foxfire           ||    11
 Armour: Robe              ||     2
  Dodge: Dodged            ||    12
  Block: Other             ||     6

Table legend: (Time is in decaauts)
 A = Elapsed time spent in this place.
 B = Non-inter-level travel time spent in this place.
 C = Inter-level travel time spent in this place.
 D = Time resting spent in this place.
 E = Time spent auto-exploring this place.
 F = Levels seen in this place.
 G = Mean time per level.
                   A        B        C        D        E       F      G
               +--------+--------+--------+--------+--------+-----+--------+
         Total |    772 |    746 |     26 |      0 |    632 |   2 |  386.0 |
       Dungeon |    772 |    746 |     26 |      0 |    632 |   2 |  386.0 |
               +--------+--------+--------+--------+--------+-----+--------+

Top non-repeatable levels by time:
     D:1: 761 daAuts
     D:2: 10 daAuts
